 Dungeon Crawl Stone Soup version 0.23.2-40-g277498a001 (webtiles) character file.

Game seed: 16943792487695033172

921 ChadusMaximus the Cudgeler (level 7, -6/68 HPs)
             Began as a Troll Fighter on Sept 12, 2019.
             Was a Believer of Trog.
             Killed by divine providence
             ... invoked by an orc priest
              (10 damage)
             ... on level 4 of the Dungeon.
             The game lasted 00:15:39 (3025 turns).

ChadusMaximus the Cudgeler (Troll Fighter)          Turns: 3025, Time: 00:15:40

Health: -6/68      AC:  6    Str: 27    XL:     7   Next: 84%
Magic:  0/6        EV: 24    Int:  4    God:    Trog [**....]
Gold:   233        SH:  9    Dex:  9    Spells: 6/6 levels left

rFire    . . .     SeeInvis +   G - +1 flail (holy)
rCold    . . .     Gourm    +   c - +0 shield
rNeg     . . .     Faith    .   b - +0 robe
rPois    .         Spirit   +   (helmet restricted)
rElec    .         Reflect  .   z - scarf {Spirit}
rCorr    .         Harm     .   (gloves unavailable)
MR       .....                  (boots unavailable)
Stlth    +.........             s - amulet of the acrobat
HPRegen  0.61/turn              C - ring of see invisible
MPRegen  0.10/turn              (no ring)

@: lethally poisoned (-6 -> -7), acrobat
A: large, unfitting armour, claws 3, fast metabolism 3, gourmand, regeneration
1, shaggy fur 1, tough skin 3
a: Berserk, Trog's Hand, Renounce Religion


You were on level 4 of the Dungeon.
You worshipped Trog.
Trog was pleased with you.
You were very full.

You visited 2 branches of the dungeon, and saw 5 of its levels.

You collected 233 gold pieces.

Inventory:

Hand Weapons
 a - a +0 flail
 y - a cursed +0 flail
 D - a +0 halberd
 G - a +1 flail of holy wrath (weapon)
 J - a +0 long sword
Missiles
 e - 25 arrows
 i - 29 poisoned needles (quivered)
 j - 7 poisoned tomahawks
 x - 3 throwing nets
Armour
 b - a +0 robe (worn)
 c - a +0 shield (worn)
 g - a +0 ring mail
 h - a +0 ring mail
 k - a +0 buckler
 l - a +1 pair of gloves
 r - a +1 helmet
 t - a +0 robe
 v - a +0 scale mail
 z - a scarf of spirit shield (worn)
 A - a +0 chain mail
 H - a +0 shield
Jewellery
 s - an amulet of the acrobat (around neck)
 C - a ring of see invisible (left claw)
Wands
 K - a wand of polymorph (8)
Scrolls
 m - a scroll of enchant weapon {unknown}
 p - 4 scrolls of amnesia {unknown}
 q - 2 scrolls of teleportation {unknown}
 u - 3 scrolls of remove curse {unknown}
Potions
 d - a potion of might
 n - a potion of invisibility {unknown}
 o - 2 potions of curing
 w - a potion of mutation {unknown}
 B - a potion of degeneration {unknown}
 F - 2 potions of brilliance {unknown}
 I - a potion of magic {unknown}
Comestibles
 f - 10 rations
 E - 2 chunks of flesh


   Skills:
 + Level 3.7 Fighting
 + Level 4.4 Maces & Flails
 + Level 1.7 Polearms
 + Level 4.4 Dodging
 + Level 0.6 Stealth
 + Level 4.2 Shields


You had 6 spell levels left.
You didn't know any spells.
Your spell library was empty.

Dungeon Overview and Level Annotations

Branches:
Dungeon (4/15)             Temple (1/1) D:4

Altars:
Ashenzari
Cheibriados
Fedhas
Hepliaklqana
Nemelex Xobeh
Sif Muna
Trog
Wu Jian

Shops:
D:4 }


Innate Abilities, Weirdness & Mutations

You are too large for most types of armour.
You have claws for hands.
Your metabolism is lightning-fast.
You like to eat raw meat.
Your natural rate of healing is unusually fast.
You are covered in fur. (AC +1)
You have extremely tough skin. (AC +3)


Message History

* * * LOW HITPOINT WARNING * * *
You feel sick. You block the black bear's attack.
The black bear completely misses you. x2
The orc throws a stone.
The stone misses you.
You see here a stone.
You feel sick. The black bear completely misses you. The black bear misses you.
The black bear claws you.
* * * LOW HITPOINT WARNING * * *
The adder barely misses you. The adder completely misses you.
The black bear misses you. x2
You block the black bear's attack. The orc barely misses you.
You block the adder's attack.
You hear the rapid hiss of a very distant avalanche of sand.
You feel yourself speed up.
You feel sick. You block the adder's attack.
The orc priest miscasts a cantrip.
You block the orc's attack.
The orc priest calls down the wrath of Beogh upon you.
Beogh smites you!
You die...

########.###.### #.#.......
#####..#####.###...## #.#.#...#.
....[.....##...###..####.#...####
.#.####...####.# ##..##.....## #
...............#####.#)).....#
....#.#..........###.))#####.#
...#.#.#..###....o.o..)........
[.#.#.#.#.# ##...Sho#..#####.###
...#.>.#..# #..@##o.o....##..
..#.#.#.#.# ##[#<##....##..##.##
...#.#.#..###..#.##.##.###.##..##
#...#.#.............##.# #.###.##
#......[.........#.###.. #.o.o...
#####.#.<........#.. ##.#####oo..
#............## #..###..o..
###.........## #...#...#.
#####.###.# ####......##.


You could see a black bear, an orc priest, an adder and 2 orcs.

Vanquished Creatures
  Grinder (D:3)
  Edmund (D:4)
  A scorpion (D:4)
  A water moccasin skeleton (D:2)
  A howler monkey (D:4)
  A jelly (D:2)
  3 iguanas (D:4)
  Jessica (D:2)
  Natasha (D:4)
  Terence (D:3)
  2 worker ants (D:4)
  Robin (D:4)
  4 adders
  10 gnolls
  An ooze (D:1)
  A worm (D:2)
  2 dart slugs
  4 leopard geckos
  2 orcs
  3 giant cockroaches
  14 goblins
  8 hobgoblins
  6 jackals
  9 kobolds
  9 bats
  A jackal skeleton (D:4)
  9 rats
98 creatures vanquished.

Notes
Turn   | Place    | Note
-------+----------+-------------------------------------------
     0 | D:1      | ChadusMaximus the Troll Fighter began the quest for the
                  | Orb.
     0 | D:1      | Reached XP level 1. HP: 22/22 MP: 0/0
   153 | D:1      | Found a shattered altar of Ashenzari.
   248 | D:1      | Reached XP level 2. HP: 27/29 MP: 1/1
   640 | D:1      | Reached XP level 3. HP: 36/36 MP: 2/2
  1052 | D:2      | Noticed Jessica
  1064 | D:2      | Found a bloodstained altar of Trog.
  1071 | D:2      | Killed Jessica
  1071 | D:2      | Reached XP level 4. HP: 42/44 MP: 3/3
  1119 | D:2      | Became a worshipper of Trog the Wrathful
  1137 | D:2      | Found a blossoming altar of Fedhas.
  1257 | D:2      | Reached XP level 5. HP: 37/53 MP: 4/4
  1376 | D:2      | Found a deep blue altar of Sif Muna.
  1669 | D:3      | Found a snail-covered altar of Cheibriados.
  1817 | D:3      | Noticed Grinder
  1867 | D:3      | Killed Grinder
  1867 | D:3      | Reached XP level 6. HP: 27/61 MP: 1/5
  2070 | D:3      | Reached * piety under Trog
  2187 | D:3      | Noticed Terence
  2195 | D:3      | Killed Terence
  2301 | D:3      | Found a hazy altar of Hepliaklqana.
  2578 | D:4      | Found a staircase to the Ecumenical Temple.
  2593 | D:4      | Noticed Edmund
  2614 | D:4      | Killed Edmund
  2614 | D:4      | Reached XP level 7. HP: 29/67 MP: 1/6
  2631 | D:4      | Reached skill level 1 in Polearms
  2676 | Temple   | Entered the Ecumenical Temple
  2719 | D:4      | Noticed Robin
  2748 | D:4      | Killed Robin
  2801 | D:4      | Found an ornate altar of the Wu Jian Council.
  2817 | D:4      | Reached ** piety under Trog
  2931 | D:4      | Found Vuny's Gadget Boutique.
  2961 | D:4      | Noticed Natasha
  2989 | D:4      | Killed Natasha
  3018 | D:4      | HP: 2/68 [orc priest/divine providence (10)]
  3023 | D:4      | HP: 2/68 [poisoned by an adder]
  3025 | D:4      | Killed from afar by an orc priest

Skill      XL: |  1  2  3  4  5  6  7 |
---------------+----------------------+-----
Maces & Flails | 2 3 4 |  4.4
Shields        | 3 4 |  4.2
Dodging        | 3 4 |  4.4
Fighting       | 3 |  3.7
Polearms       | 1 |  1.7
Stealth        | |  0.6

Action                   |  1- 3 |  4- 6 |  7- 9 || total
-------------------------+-------+-------+-------++-------
Melee: Flail             |   111 |   145 |    86 ||   342
       Halberd           |       |    50 |    10 ||    60
Invok: Berserk           |       |       |     2 ||     2
       Trog's Hand       |       |       |     1 ||     1
 Stab: Sleeping          |       |     1 |       ||     1
  Eat: Chunk             |     9 |    20 |     6 ||    35
Armor: Robe              |    48 |    71 |    46 ||   165
Dodge: Dodged            |    65 |   143 |   106 ||   314
Block: Shield            |    72 |    96 |    94 ||   262
